 Dungeon Crawl Stone Soup version 0.21.0-37-g46506fa (webtiles) character file.

1100 troglodite the Skirmisher (level 8, 0/97 HPs)
             Began as a Demonspawn Berserker on Jan 31, 2018.
             Was a Priest of Trog.
             Slain by a large slime creature (28 damage)
             ... on level 5 of the Dungeon.
             The game lasted 00:15:59 (5430 turns).

troglodite the Skirmisher (Demonspawn Berserker)    Turns: 5430, Time: 00:15:59

Health: 0/97       AC: 12    Str: 23    XL:     8   Next: 10%
Magic:  8/8        EV:  9    Int:  8    God:    Trog [***...]
Gold:   404        SH:  5    Dex: 15    Spells: 7/7 levels left

rFire    x . .     SeeInvis .   a - +0 falchion
rCold    + . .     Gourm    .   h - +0 buckler
rNeg     . . .     Faith    .   s - +0 chain mail
rPois    .         Spirit   .   (no helmet)
rElec    .         Reflect  .   (no cloak)
rCorr    .         Harm     .   (gloves unavailable)
MR       .....                  o - +0 pair of boots
Stlth    ..........             (no amulet)
HPRegen  0.26/turn              t - ring of ice
MPRegen  0.11/turn              (no ring)

@: berserking, very quick
A: claws 3, rugged brown scales 2, nightstalker 1, powered by pain 1
a: Berserk, Trog's Hand, Burn Spellbooks, Renounce Religion


You were on level 5 of the Dungeon.
You worshipped Trog.
Trog was most pleased with you.
You were not hungry.

You visited 1 branch of the dungeon, and saw 5 of its levels.

You collected 404 gold pieces.

Inventory:

Hand Weapons
 a - a +0 falchion (weapon)
Armour
 h - a +0 buckler (worn)
 o - a +0 pair of boots (worn)
 s - a +0 chain mail (worn)
Jewellery
 t - a ring of ice (left claw)
Wands
 j - a wand of random effects (32)
 v - a wand of iceblast (10)
Scrolls
 d - 2 scrolls of blinking
 g - 2 scrolls of teleportation
 i - 2 scrolls of amnesia {unknown}
 k - a scroll of random uselessness {unknown}
 n - 2 scrolls of fog {unknown}
 p - 2 scrolls of enchant weapon {unknown}
 q - 2 scrolls of remove curse {unknown}
 r - a scroll of enchant armour {unknown}
 w - a scroll of identify
 x - a scroll of noise {unknown}
Potions
 b - 2 potions of mutation
 e - 2 potions of heal wounds
 f - 3 potions of curing
 l - a potion of might
 m - 2 potions of lignification
Comestibles
 c - 13 rations


   Skills:
 * Level 5.0 Fighting
 + Level 4.8 Long Blades
 * Level 4.4 Armour
 * Level 3.5 Dodging
 * Level 3.1 Stealth
 * Level 2.7 Shields


You had 7 spell levels left.
You didn't know any spells.

Dungeon Overview and Level Annotations

Branches:
Dungeon (5/15)             Temple (0/1) D:4

Altars:
Cheibriados
Sif Muna
Uskayaw
Vehumet
Yredelemnul

Shops:
D:5 *


Innate Abilities, Weirdness & Mutations

You have claws for hands.
You are mostly covered in rugged brown scales. (AC +2, +5% HP)
You are slightly more attuned to the shadows.
You sometimes gain a little power by taking damage.


Message History

The slime creature is moderately wounded.
The slime creature hits you but does no damage.
You slash the slime creature!
The slime creature is heavily wounded.
The slime creature hits you but does no damage.
Two slime creatures merge to form a large slime creature.
You completely miss the large slime creature.
The large slime creature is lightly wounded.
You hit the large slime creature.
The large slime creature is lightly wounded.
You block the large slime creature's attack.
The large slime creature closely misses you.
You hit the large slime creature but do no damage.
The large slime creature is lightly wounded.
The large slime creature hits you!
* * * LOW HITPOINT WARNING * * *
A red film seems to cover your vision as you go berserk!
You feel yourself moving faster!
You feel mighty!
You feel a lot more hungry. The large slime creature hits you!!
You die...

.#.###...#
##.))).###.# #######
...# #...##
#..[....##.####.'∩'.#
..## #....#
#.......##......###.#
..######..#
#.......##.....>...+.
..#....##.#
#.......###........##
..#.##....# ####....#
#........##
###.#####.###..'....#
#.######...
..........##.########
#.# #.##
...[#####.###(..@JJ##
#.# ####... ....# #.#
#######'# #.# #....#.
....# #.#
..J.J.P÷##.###.##.#.
....# #.#
P.J.P...##.....#..#.
....# #.#
P.P÷..P.##.#####.##.
....# ###.#
÷JP.J.J.##.#####.###
##### #...#
........##.........#
#### #.#.#
.÷.÷....##.#####.#.#
...####.#.# #...#
#.#.#


You could see a large slime creature and an ooze.

Vanquished Creatures
  Sigmund (D:2)
  4 big kobolds (D:5)
  A scorpion (D:4)
  2 jellies (D:5)
  2 orc priests
  A hound (D:4)
  2 orc wizards
  Jessica (D:3)
  Terence (D:2)
  An iguana (D:4)
  4 worker ants
  3 gnolls (D:4)
  8 adders
  A shadow imp (D:5)
  4 oozes
  5 worms
  2 dart slugs (D:4)
  3 leopard geckos
  13 orcs
  3 giant cockroaches
  5 goblins
  8 hobgoblins
  5 jackals
  10 kobolds
  A quokka (D:4)
  A ball python skeleton (D:4)
  6 bats
  3 frilled lizards
  4 rats
105 creatures vanquished.

Vanquished Creatures (others)
  An orc (D:4)
  7 fungi (D:5)
  8 toadstools (D:5)
16 creatures vanquished.

Grand Total: 121 creatures vanquished

Notes
Turn   | Place    | Note
-------+----------+-------------------------------------------
     0 | D:1      | troglodite the Demonspawn Berserker began the quest for the Orb.
     0 | D:1      | Reached XP level 1. HP: 18/18 MP: 1/1
   209 | D:1      | Gained mutation: You are slightly more attuned to the shadows. [demonic ancestry]
   209 | D:1      | Reached XP level 2. HP: 12/24 MP: 2/2
   666 | D:2      | Gained mutation: You have sharp fingernails. [demonic ancestry]
   666 | D:2      | Reached XP level 3. HP: 15/29 MP: 3/3
   839 | D:2      | Found a snail-covered altar of Cheibriados.
   883 | D:2      | Found a radiant altar of Vehumet.
   943 | D:2      | Found a hide-covered altar of Uskayaw.
   998 | D:2      | Found a basalt altar of Yredelemnul.
  1036 | D:2      | Noticed Sigmund
  1045 | D:2      | Killed Sigmund
  1045 | D:2      | Reached skill level 4 in Fighting
  1045 | D:2      | Reached skill level 1 in Stealth
  1045 | D:2      | Reached skill level 1 in Shields
  1045 | D:2      | Gained mutation: You sometimes gain a little power by taking damage. [demonic ancestry]
  1045 | D:2      | Reached XP level 4. HP: 21/37 MP: 4/4
  1045 | D:2      | Gained mutation: You are partially covered in rugged brown scales. (AC +1, +3% HP) [demonic ancestry]
  1045 | D:2      | Reached XP level 5. HP: 21/43 MP: 5/5
  1278 | D:2      | Noticed Terence
  1292 | D:2      | Killed Terence
  1732 | D:3      | Reached ** piety under Trog
  1993 | D:3      | Gained mutation: You are mostly covered in rugged brown scales. (AC +2, +5% HP) [demonic ancestry]
  1993 | D:3      | Reached XP level 6. HP: 49/50 MP: 6/6
  2365 | D:3      | Noticed Jessica
  2371 | D:3      | Killed Jessica
  2539 | D:3      | Found a deep blue altar of Sif Muna.
  3187 | D:4      | Reached *** piety under Trog
  3632 | D:4      | Gained mutation: You have very sharp fingernails. [demonic ancestry]
  3632 | D:4      | Reached XP level 7. HP: 29/57 MP: 7/7
  3963 | D:4      | Found a staircase to the Ecumenical Temple.
  4483 | D:5      | Entered Level 5 of the Dungeon
  4526 | D:5      | Found Litredo's Assorted Antiques.
  5210 | D:5      | Gained mutation: You have claws for hands. [demonic ancestry]
  5210 | D:5      | Reached XP level 8. HP: 46/64 MP: 8/8
  5215 | D:5      | Noticed a slime creature
  5413 | D:5      | Reached skill level 5 in Fighting
  5425 | D:5      | Noticed a slime creature
  5430 | D:5      | Slain by a large slime creature

Skill      XL: |  1  2  3  4  5  6  7  8 |
---------------+-------------------------+-----
Armour         | 2 3 4 |  4.4
Dodging        | 2 3 |  3.5
Long Blades    | 3 4 |  4.8
Fighting       | 4 5 |  5.0
Stealth        | 1 2 3 |  3.1
Shields        | 1 2 |  2.7

Action                   |  1- 3 |  4- 6 |  7- 9 || total
-------------------------+-------+-------+-------++-------
Melee: Falchion          |    74 |   261 |   215 ||   550
Invok: Berserk           |     2 |     2 |     3 ||     7
  Use: Scroll            |       |     7 |     2 ||     9
       Potion            |       |     1 |       ||     1
 Stab: Sleeping          |     3 |     1 |       ||     4
  Eat: Chunk             |     1 |    11 |     7 ||    19
       Ration            |       |       |     1 ||     1
Armor: Animal skin       |    11 |       |       ||    11
       Ring mail         |     2 |    51 |       ||    53
       Chain mail        |       |    67 |   140 ||   207
Dodge: Dodged            |    50 |   136 |    79 ||   265
Block: Buckler           |     1 |    49 |    44 ||    94
       Rpst.: Falchion   |    18 |    39 |    27 ||    84
